General information
- name: BNet
- type: Ladder team game (AT/RT)
- host: Battle.net
- saver: ChimpoutCIC
map: PhantomGrove
- players: 4
- length: 35:30
- speed: Fast
- version: 1.26 W3XP
- replay type: Public
» download(223 KB)
Players
team 1 (loser)
4k.RaKe (
red | 149 APM | 5287 actions | 35:29)
3 Demon Hunter
2 Mana Burn
1 Evasion
2 Keeper of the Grove
1 Entangling Roots
1 Thorns Aura
» actions
| Assign group hotkey | 50 | |
| Basic commands | 54 | |
| Build / train | 90 | |
| ESC pressed | 4 | |
| Enter build submenu | 30 | |
| Enter hero's abilities submenu | 5 | |
| Give item / drop item | 3 | |
| Right click | 2387 | |
| Select / deselect | 963 | |
| Select group hotkey | 1605 | |
| Use ability | 96 | |
5287 total
» units
| Wisp | 31 | |
| Huntress | 4 | |
| Glaive Thrower | 6 | |
| Archer | 11 | |
| Druid of the Talon | 12 | |
| Dryad | 4 | |
68 total
» upgrades
| Strength of the Moon | 1 | |
| Improved Bows | 1 | |
| Druid of the Talon Training | 1 | |
| Strength of the Wild | 1 | |
4 total
» buildings
| Altar of Elders | 1 | |
| Moon Well | 10 | |
| Ancient of War | 3 | |
| Hunter's Hall | 1 | |
| Tree of Ages | 1 | |
| Ancient of Wind | 2 | |
| Tree of Life | 6 | |
| Ancient Protector | 4 | |
| Ancient of Lore | 1 | |
29 total
» build order
00:03 Altar of Elders
00:12 Moon Well
02:02 Ancient of War
02:05 Hunter's Hall
02:10 Moon Well
02:28 Moon Well
02:54 Ancient of War
03:30 Ancient of War
04:21 Moon Well
06:03 Moon Well
09:31 Tree of Ages
12:16 Ancient of Wind
12:19 Ancient of Wind
12:22 Tree of Life
15:53 Ancient Protector
17:16 Ancient of Lore
18:50 Ancient Protector
19:42 Ancient Protector
21:11 Tree of Life
24:32 Ancient Protector
25:33 Moon Well
26:31 Tree of Life
27:25 Tree of Life
30:04 Moon Well
30:10 Moon Well
31:17 Tree of Life
33:33 Moon Well
34:02 Tree of Life
34:11 Moon Well
» items
| Scroll of Town Portal | 2 | |
| Scroll of Healing | 4 | |
6 total
Noxxios (
orange | 115 APM | 3971 actions | 34:39)
5 Death Knight
3 Death Coil
1 Unholy Aura
1 Death Pact
4 Lich
2 Frost Nova
1 Dark Ritual
1 Frost Armor
» actions
| Assign group hotkey | 21 | |
| Basic commands | 48 | |
| Build / train | 46 | |
| ESC pressed | 1 | |
| Enter build submenu | 16 | |
| Enter hero's abilities submenu | 9 | |
| Give item / drop item | 7 | |
| Right click | 1822 | |
| Select / deselect | 844 | |
| Select group hotkey | 1062 | |
| Use ability | 95 | |
3971 total
» units
| Acolyte | 2 | |
| Ghoul | 2 | |
| Crypt Fiend | 6 | |
| Obsidian Statue | 3 | |
13 total
» upgrades
| Creature Attack | 1 | |
| Web | 1 | |
| Destroyer Form | 1 | |
| Creature Carapace | 1 | |
4 total
» buildings
| Graveyard | 1 | |
| Crypt | 1 | |
| Altar of Darkness | 1 | |
| Ziggurat | 6 | |
| Tomb of Relics | 1 | |
| Nerubian Tower | 2 | |
| Halls of the Dead | 1 | |
| Slaughterhouse | 3 | |
| Black Citadel | 2 | |
| Sacrificial Pit | 1 | |
| Boneyard | 1 | |
20 total
» build order
00:08 Graveyard
00:14 Crypt
00:35 Altar of Darkness
00:48 Ziggurat
01:33 Tomb of Relics
01:51 Ziggurat
02:24 Nerubian Tower
03:34 Ziggurat
04:14 Halls of the Dead
06:52 Slaughterhouse
08:05 Black Citadel
08:05 Black Citadel
08:07 Slaughterhouse
09:06 Sacrificial Pit
10:30 Boneyard
10:32 Slaughterhouse
13:13 Ziggurat
13:14 Ziggurat
13:16 Ziggurat
» items
| Rod of Necromancy | 1 | |
| Scroll of Town Portal | 4 | |
| Orb of Corruption | 1 | |
6 total
team 2 (winner)
ChimpoutCIC (
green | 141 APM | 4994 actions | 35:30)
7 Pandaren Brewmaster
3 Breath of Fire
3 Drunken Brawler
1 Storm Earth and Fire
» actions
| Assign group hotkey | 1970 | |
| Basic commands | 92 | |
| Build / train | 125 | |
| ESC pressed | 3 | |
| Enter build submenu | 43 | |
| Enter hero's abilities submenu | 7 | |
| Give item / drop item | 4 | |
| Right click | 1216 | |
| Select / deselect | 364 | |
| Select group hotkey | 947 | |
| Use ability | 223 | |
4994 total
» units
| Peasant | 17 | |
| Mortar Team | 13 | |
| Priest | 2 | |
| Sorceress | 3 | |
35 total
» upgrades
| Flare | 1 | |
| Masonry | 2 | |
| Gunpowder | 3 | |
| Magic Sentry | 1 | |
| Sorceress Training | 1 | |
| Fragmentation Shards | 1 | |
9 total
» buildings
| Lumber Mill | 1 | |
| Farm | 9 | |
| Altar of Kings | 2 | |
| Scout Tower | 28 | |
| Guard Tower | 33 | |
| Arcane Tower | 6 | |
| Keep | 2 | |
| Blacksmith | 1 | |
| Arcane Vault | 2 | |
| Workshop | 2 | |
| Arcane Sanctum | 1 | |
| Gryphon Aviary | 1 | |
| Castle | 2 | |
| Town Hall | 1 | |
91 total
» build order
00:21 Lumber Mill
00:36 Farm
00:51 Altar of Kings
01:13 Farm
01:36 Scout Tower
01:39 Scout Tower
01:42 Scout Tower
01:42 Scout Tower
02:14 Guard Tower
02:14 Guard Tower
02:14 Guard Tower
02:33 Arcane Tower
02:33 Arcane Tower
02:33 Arcane Tower
02:43 Arcane Tower
02:57 Guard Tower
02:57 Guard Tower
02:58 Guard Tower
02:58 Guard Tower
02:58 Guard Tower
03:47 Keep
03:47 Keep
03:57 Scout Tower
03:58 Scout Tower
04:32 Guard Tower
04:33 Guard Tower
05:38 Scout Tower
05:38 Scout Tower
05:38 Scout Tower
05:39 Scout Tower
05:49 Blacksmith
05:55 Arcane Vault
06:20 Farm
06:21 Farm
06:21 Farm
06:24 Workshop
06:28 Workshop
07:41 Scout Tower
07:41 Scout Tower
07:54 Farm
08:23 Guard Tower
08:23 Guard Tower
10:31 Farm
10:32 Farm
12:19 Scout Tower
12:19 Scout Tower
13:03 Guard Tower
13:05 Farm
14:45 Arcane Sanctum
14:49 Gryphon Aviary
18:20 Altar of Kings
19:14 Scout Tower
19:15 Scout Tower
19:15 Scout Tower
19:15 Scout Tower
19:32 Castle
19:32 Castle
25:11 Arcane Vault
27:36 Town Hall
31:56 Scout Tower
31:57 Scout Tower
31:57 Scout Tower
31:57 Scout Tower
31:58 Scout Tower
31:58 Scout Tower
31:59 Scout Tower
31:59 Scout Tower
32:00 Scout Tower
32:01 Scout Tower
32:46 Guard Tower
32:46 Guard Tower
32:47 Guard Tower
32:48 Guard Tower
32:48 Guard Tower
32:48 Guard Tower
32:48 Guard Tower
32:49 Guard Tower
32:49 Guard Tower
32:49 Guard Tower
33:22 Guard Tower
33:22 Guard Tower
33:23 Guard Tower
33:23 Guard Tower
33:49 Arcane Tower
» items
| Boots of Speed | 1 | |
| Staff of Teleportation | 1 | |
| Dust of Appearance | 1 | |
| Lesser Clarity Potion | 8 | |
| Healing Salve | 2 | |
| Potion of Mana | 1 | |
| Scroll of Town Portal | 9 | |
| Potion of Healing | 3 | |
| Potion of Lesser Invulnerability | 1 | |
27 total
fineX (
teal | 68 APM | 2405 actions | 35:29)
5 Pandaren Brewmaster
3 Breath of Fire
2 Drunken Brawler
5 Tauren Chieftain
3 Shockwave
2 Endurance Aura
» actions
| Assign group hotkey | 78 | |
| Build / train | 92 | |
| Enter build submenu | 24 | |
| Enter hero's abilities submenu | 11 | |
| Give item / drop item | 13 | |
| Right click | 1202 | |
| Select / deselect | 295 | |
| Select group hotkey | 499 | |
| Use ability | 191 | |
2405 total
» units
» upgrades
| Ranged Weapons | 2 | |
| Liquid Fire | 2 | |
4 total
» buildings
| Altar of Storms | 1 | |
| Orc Burrow | 4 | |
| War Mill | 1 | |
| Voodoo Lounge | 1 | |
| Watch Tower | 13 | |
| Stronghold | 1 | |
| Beastiary | 4 | |
| Fortress | 1 | |
26 total
» build order
00:04 Altar of Storms
00:07 Orc Burrow
00:39 War Mill
01:40 Voodoo Lounge
02:16 Watch Tower
02:18 Watch Tower
02:37 Watch Tower
03:03 Watch Tower
03:58 Stronghold
04:02 Watch Tower
04:46 Watch Tower
04:50 Watch Tower
04:52 Watch Tower
05:04 Orc Burrow
05:06 Orc Burrow
05:31 Orc Burrow
06:02 Watch Tower
06:03 Watch Tower
07:04 Beastiary
07:06 Beastiary
08:16 Fortress
09:08 Watch Tower
09:08 Watch Tower
09:09 Watch Tower
11:53 Beastiary
23:09 Beastiary
» items
| Lesser Clarity Potion | 14 | |
| Healing Salve | 7 | |
| Mechanical Critter | 2 | |
| Tiny Great Hall | 1 | |
| Orb of Lightning | 2 | |
| Scroll of Speed | 1 | |
| Scroll of Town Portal | 4 | |
| Staff of Teleportation | 2 | |
| Boots of Speed | 2 | |
| Potion of Healing | 2 | |
37 total
Chat log
(00:09 / Allies) ChimpoutCIC: wwtf elf ud
(00:10 / Allies) ChimpoutCIC: weird como
(00:11 / Allies) ChimpoutCIC: bo
(00:15 / All) fineX: hey do you know 4k.luis
(00:22 / All) 4k.RaKe: my dad
(00:27 / All) fineX: really
(00:31 / All) 4k.RaKe: ya
(00:32 / All) fineX: your dad is fuckin terrible at video games
(00:37 / All) 4k.RaKe: wow dude
(00:39 / All) 4k.RaKe: check out the asshole
(00:45 / All) Noxxios: AT LEAST HIS DAD PLAYWS
(00:46 / All) fineX: im just sayiong man
(00:47 / All) fineX: its ok
(00:50 / All) 4k.RaKe: my dad fought for your freedom
(00:52 / All) fineX: some dads are bad at video games
(00:54 / All) fineX: no
(00:57 / All) Noxxios: my dad doesnt even try
(00:58 / All) fineX: i live in china
(01:01 / All) 4k.RaKe: he is going to get it
(01:15 / All) Noxxios: in the spirit of communism
(01:16 / All) Noxxios: and sharing
(01:22 / All) Noxxios: if i wanted to fuck your sister
(01:24 / All) Noxxios: and i live next door
(01:28 / All) Noxxios: do you share her
(01:31 / All) fineX: yeah
(01:32 / All) fineX: why not
(01:36 / All) Noxxios: j/w
(01:46 / All) Noxxios: trendsetting imo
(01:51 / All) fineX: hey is it true in ameirca
(01:55 / All) fineX: if ur black ur a fucking nigger scum
(02:04 / All) fineX: and u live as such
(02:06 / All) Noxxios: well
(02:07 / Allies) ChimpoutCIC: maybe make towers
(02:11 / All) Noxxios: id say more often than not
(02:14 / All) Noxxios: but not totally no
(02:22 / All) Noxxios: i know a lot of nice black people
(02:47 / Allies) fineX: fuck that
(03:48 / All) fineX: finally doin things i like
(03:53 / All) fineX: fire breathien fiends everythings all right
(04:39 / All) Noxxios: FINE
(04:41 / All) Noxxios: YOU WIN THIS ROUND
(05:52 / Allies) fineX: poanda bof range is actually ridiculous
(05:55 / All) Noxxios: NICE
(05:58 / Allies) fineX: u can hit shit like 700 away
(08:10 / Allies) ChimpoutCIC: lum
(09:21 / Allies) ChimpoutCIC: u should expo
(09:22 / Allies) ChimpoutCIC: when they atk me
(09:50 / Allies) ChimpoutCIC: or race to bats
(09:54 / Allies) ChimpoutCIC: so u can bat a base
(09:59 / Allies) fineX: i picked option 2
(10:05 / Allies) ChimpoutCIC: u made alot of towers instead of bats tho
(10:15 / Allies) fineX: i wuz afraid
(10:17 / Allies) fineX: theyd switch to mybase
(10:18 / Allies) ChimpoutCIC: they atkd me tho
(10:19 / Allies) fineX: and kil batmaker
(10:34 / Allies) fineX: sometimes they switch
(10:37 / Allies) fineX: noobs are fickle creatures
(10:59 / Allies) fineX: see
(11:00 / Allies) fineX: they switched
(11:06 / Allies) ChimpoutCIC: yeah but we might not win
(11:07 / Allies) ChimpoutCIC: cuz no expo
(11:18 / All) Noxxios: no more gay shit imo
(12:28 / Allies) ChimpoutCIC: tiny hall it NOW
(12:36 / Allies) ChimpoutCIC: if u dont start golding soon its not worth it
(13:19 / Allies) ChimpoutCIC: hid epeons
(13:22 / All) Noxxios: COME BACK
(13:25 / All) Noxxios: NIGGER
(13:26 / All) Noxxios: COME BACK
(13:31 / All) Noxxios: NIGGER
(13:55 / All) Noxxios: ADVANTAGE ME
(14:26 / Allies) ChimpoutCIC: wyrms soon
(15:20 / All) Noxxios: NICE
(16:02 / Allies) ChimpoutCIC: ud main gone
(16:08 / Allies) fineX: ill kil acos
(16:13 / Allies) ChimpoutCIC: do not lsoe all
(16:20 / Allies) fineX: flare it
(16:32 / Allies) fineX: any sorc
(16:45 / Allies) ChimpoutCIC: go?
(16:52 / Allies) ChimpoutCIC: wtf
(16:58 / Allies) fineX: i was gonna take hero
(17:00 / Allies) fineX: to ensure acos die
(17:11 / Allies) ChimpoutCIC: kill wyrm buildiner
(18:00 / Allies) fineX: last 3 i think
(18:06 / Allies) ChimpoutCIC: dont lose all
(18:41 / Allies) fineX: lasty aco
(19:09 / All) Noxxios: is this what happens when you cant micro
(19:11 / Allies) fineX: ud out
(19:15 / All) Noxxios: you use this kind of nigger shit
(19:23 / All) fineX: did u lose all ur acos or soemthing
(19:31 / All) Noxxios: stop deflecting
(19:33 / All) Noxxios: you are bad
(19:34 / All) Noxxios: ergo
(19:37 / All) Noxxios: you do stupid shit
(19:40 / All) fineX: if im bad how come i still got workers
(19:43 / All) fineX: and thats a lkeap of logic
(19:45 / All) fineX: a p dumb leap of logic
(19:57 / All) Noxxios: that wasnt a leap at all
(19:58 / All) fineX: ergo is only for sound logical assumptions
(20:05 / All) Noxxios: LOL
(20:06 / All) Noxxios: k
(20:15 / All) fineX: open a book idiot reatrded nigger
(20:28 / All) fineX: we just wanna make base and be left in peace
(20:52 / All) Noxxios: it should be obvious
(20:54 / All) Noxxios: that you are bad
(21:01 / All) Noxxios: im not sure how that got lost
(21:12 / All) fineX: how come u got no base
(21:13 / All) fineX: if im bad
(21:21 / All) Noxxios: because i dont tower
(21:26 / All) fineX: why not
(21:32 / All) Noxxios: because im not a faggot
(21:35 / All) fineX: if towering is bad
(21:38 / All) fineX: must be ezto beat
(22:35 / Allies) ChimpoutCIC: keep batting bases to keep them busy
(22:36 / Allies) ChimpoutCIC: so we win
(22:56 / Allies) ChimpoutCIC: gold me a bit
(23:01 / Allies) ChimpoutCIC: dont be stuck with no units
(23:22 / Allies) ChimpoutCIC: always be battin
(23:23 / Allies) ChimpoutCIC: where they arent
(23:24 / Allies) fineX: my expo prolly
(23:31 / Allies) ChimpoutCIC: leave it
(23:33 / Allies) ChimpoutCIC: just bat shit like now
(23:35 / Allies) ChimpoutCIC: please
(23:38 / Allies) ChimpoutCIC: kepe batting
(23:49 / Allies) fineX: its nothing there
(23:55 / Allies) ChimpoutCIC: dont lose
(23:56 / Allies) ChimpoutCIC: heroes
(24:00 / Allies) ChimpoutCIC: just bat shite
(24:01 / Allies) fineX: i wont idiot
(24:04 / Allies) ChimpoutCIC: ill use those bats
(24:23 / All) Noxxios: NICE
(24:59 / Allies) ChimpoutCIC: bat shit
(25:03 / Allies) ChimpoutCIC: plez
(25:06 / Allies) fineX: im waiting
(25:10 / Allies) fineX: for my shit
(25:12 / Allies) fineX: to get here
(25:16 / Allies) ChimpoutCIC: like
(25:17 / Allies) fineX: fyi i cant bat shit
(25:19 / Allies) fineX: with 3 bats
(25:22 / Allies) ChimpoutCIC: why not
(25:24 / Allies) ChimpoutCIC: it keeps them busy
(25:28 / Allies) fineX: cuz it will die
(25:28 / Allies) ChimpoutCIC: 3 bats can kill an undefended building
(25:30 / Allies) fineX: waste of bats
(25:33 / Allies) ChimpoutCIC: just urn them away
(26:46 / All) Noxxios: you play
(26:51 / All) Noxxios: like terrorists imo
(26:59 / All) fineX: i bet you wish
(27:08 / All) fineX: war was like in the old days
(27:14 / All) fineX: eveyroine lkines up
(27:16 / All) fineX: and shoots each other
(27:17 / All) fineX: right
(27:18 / All) Noxxios: nah
(27:28 / Allies) ChimpoutCIC: chefck epxos if ur doing nothing
(27:29 / All) fineX: why
(27:40 / All) Noxxios: whats the difference when we're better than you
(27:49 / All) fineX: if ur better
(27:50 / All) fineX: why u losing
(27:58 / All) Noxxios: because our government wont let us go all out?
(28:10 / All) 4k.RaKe: obvious hax
(28:28 / All) fineX: if us #1
(28:32 / All) fineX: why is economy shite
(28:37 / All) Noxxios: lolol
(29:31 / All) Noxxios: lol
(29:32 / All) 4k.RaKe: rofl
(29:33 / All) Noxxios: nice
(29:39 / All) Noxxios: keep hacking
(29:47 / All) fineX: whyd o u think i mh
(29:55 / All) Noxxios: because its obvious
(30:02 / All) fineX: so u think noone ever check expo ever
(30:04 / All) fineX: except u
(30:06 / All) ChimpoutCIC: is it even possible to turn off a hack in the middle of a game
(30:08 / All) Noxxios: no
(30:10 / All) Noxxios: its unit movement
(30:13 / All) Noxxios: not expo checking
(30:13 / All) fineX: oic
(30:15 / All) Noxxios: and its obvious
(30:19 / All) fineX: im really dumb
(30:22 / All) Noxxios: you arent quite as smart as you think you are
(30:23 / All) fineX: so i move my units over ur units
(30:25 / All) fineX: so they can die
(30:25 / All) Noxxios: you useless chink
(30:36 / All) fineX: see im rly dumb
(30:39 / All) fineX: so i move my air units
(30:40 / All) fineX: over ground
(30:43 / All) fineX: instead of over trees
(30:47 / All) fineX: so land uints can own them
(30:50 / All) Noxxios: stop trying to defend it
(30:54 / Allies) fineX: lmao
(34:17 / All) Noxxios: HEY CHINKS
(34:19 / All) Noxxios: REMEMBER THAT TIME
(34:24 / All) Noxxios: YOU WERE #1 WORLD
(34:25 / All) Noxxios: ME NEITHER
(34:29 / All) Noxxios: LOLOLOLOOLOLOLOL
(34:33 / All) Noxxios: SUCK AMERICAS LONG
(34:34 / All) Noxxios: LONG
(34:35 / All) Noxxios: COCK
(34:38 / All) Noxxios: KTHX DAI
(34:44 / All) fineX: klmao
(34:54 / All) fineX: why do americans think theyre the best
(35:00 / All) fineX: everyone else thinkgs theyre the worst
(35:02 / All) fineX: Like u guys in this game
(35:04 / All) fineX: uy think ur the best
(35:06 / All) fineX: but ur wisr
(35:12 / All) 4k.RaKe: You suck at english